 Dungeon Crawl Stone Soup version 0.22.0-49-gab54619 (webtiles) character file.

430 Larett the Skirmisher (level 6, -6/61 HPs)
             Began as a Minotaur Berserker on Sept 4, 2018.
             Was a Believer of Trog.
             Mangled by an ice beast (13 damage)
             ... on level 5 of the Dungeon.
             The game lasted 00:06:57 (3592 turns).

Larett the Skirmisher (Minotaur Berserker)          Turns: 3592, Time: 00:06:58

Health: -6/61      AC:  8    Str: 21    XL:     6   Next: 66%
Magic:  5/5        EV:  8    Int:  4    God:    Trog [**....]
Gold:   208        SH:  0    Dex: 12    Spells: 5/5 levels left

rFire    . . .     SeeInvis .   I - -3 war axe (curse)
rCold    . . .     Gourm    .   (no shield)
rNeg     + . .     Faith    .   W - +0 chain mail
rPois    .         Spirit   .   (helmet restricted)
rElec    .         Reflect  .   (no cloak)
rCorr    .         Harm     .   (no gloves)
MR       .....                  (no boots)
Stlth    ..........             (no amulet)
HPRegen  0.20/turn              t - ring of positive energy
MPRegen  0.09/turn              (no ring)

@: no status effects
A: retaliatory headbutt, horns 2
a: Berserk, Trog's Hand, Renounce Religion


You were on level 5 of the Dungeon.
You worshipped Trog.
Trog was pleased with you.
You were not hungry.

You visited 1 branch of the dungeon, and saw 5 of its levels.

You collected 208 gold pieces.

Inventory:

Hand Weapons
 a - a +1 hand axe
 I - a cursed -3 war axe (weapon)
 J - a +0 flail of protection
 K - a +0 dagger of electrocution
 L - a +1 trident of venom
Missiles
 j - 68 sling bullets
 o - 131 stones (quivered)
 s - 32 poisoned needles
 P - 13 bolts
 U - 60 arrows
 V - 2 tomahawks
 Z - a throwing net {!f}
Armour
 W - a +0 chain mail (worn)
Jewellery
 t - a ring of positive energy (left hand)
Scrolls
 m - a scroll of enchant weapon
 B - a scroll of blinking
 M - a scroll of magic mapping {!r}
 T - a scroll of teleportation
Potions
 q - 2 potions of flight
 N - 3 potions of brilliance
 O - 3 potions of heal wounds {unknown}
 Q - 2 potions of curing
 R - a potion of cancellation {unknown}
 S - a potion of haste {unknown}
 Y - 2 potions of invisibility {unknown}
Comestibles
 c - 8 rations
 X - 2 chunks of flesh


   Skills:
 * Level 7.8 Fighting
 + Level 6.0 Axes
 - Level 2.4 Armour
 - Level 2.1 Dodging


You had 5 spell levels left.
You didn't know any spells.
Your spell library was empty.

Dungeon Overview and Level Annotations

Branches:
Dungeon (5/15)
 Temple: D:4-7

Altars:
Ashenzari
Uskayaw


Innate Abilities, Weirdness & Mutations

You reflexively headbutt those who attack you in melee.
You have a pair of horns on your head.


Message History

You hit the ice beast but do no damage.
The ice beast is heavily wounded.
The ice beast hits you but does no damage.
You slash the ice beast! You headbutt the ice beast.
The ice beast is severely wounded.
The ice beast hits you. The ice beast freezes you!
You closely miss the ice beast.
The ice beast is severely wounded.
The ice beast hits you. The ice beast freezes you!
* * * LOW HITPOINT WARNING * * *
You hit the ice beast but do no damage.
The ice beast is severely wounded.
The ice beast hits you but does no damage. x2
Your chain mail prevents you from hitting the ice beast.
Your headbutt misses the ice beast.
The ice beast is severely wounded.
The ice beast hits you.
* * * LOW HITPOINT WARNING * * *
The ice beast freezes you!
You die...

........#
..#.....###
......#..#
.##.#####
..>..##...# ##..#
.....# #.# #.##
## .....# .. #.#
..# #..### # #.#
..!# #.# ... #.#
....# ..
.....#.###.....#
.........@YZ....#
.#.....####.....#
....... ....#
.#..... ...#
..###.. ..# # #.#
.. .. #


You could see an ice beast and a centaur skeleton.

Vanquished Creatures
  A centaur (D:5)
  A hound (D:5)
  An iguana (D:5)
  2 orc wizards
  A worker ant (D:4)
  A hound skeleton (D:4)
  3 gnolls (D:3)
  8 adders
  An ooze (D:1)
  An adder skeleton (D:4)
  3 worms
  A dart slug (D:4)
  2 leopard geckos (D:5)
  15 orcs
  A giant cockroach (D:5)
  3 goblins
  4 hobgoblins
  14 jackals
  5 kobolds
  3 quokkas
  A ball python skeleton (D:5)
  3 bats (D:2)
  2 frilled lizards
  6 rats
83 creatures vanquished.

Notes
Turn   | Place    | Note
-------+----------+-------------------------------------------
     0 | D:1      | Larett the Minotaur Berserker began the quest for the Orb.
     0 | D:1      | Reached XP level 1. HP: 19/19 MP: 0/0
   103 | D:1      | Reached skill level 4 in Fighting
   386 | D:1      | Reached XP level 2. HP: 24/27 MP: 1/1
   869 | D:2      | Reached XP level 3. HP: 34/34 MP: 2/2
  1137 | D:2      | Reached skill level 5 in Fighting
  1236 | D:2      | Reached XP level 4. HP: 42/42 MP: 3/3
  1251 | D:2      | Found a faded altar of an unknown god.
  1921 | D:3      | Found a shattered altar of Ashenzari.
  2356 | D:3      | Reached skill level 6 in Fighting
  2356 | D:3      | Reached ** piety under Trog
  2356 | D:3      | Reached XP level 5. HP: 50/50 MP: 4/4
  3199 | D:4      | Found a hide-covered altar of Uskayaw.
  3241 | D:5      | Entered Level 5 of the Dungeon
  3249 | D:5      | Reached skill level 7 in Fighting
  3249 | D:5      | Reached XP level 6. HP: 60/60 MP: 5/5
  3556 | D:5      | Reached skill level 6 in Axes
  3580 | D:5      | Noticed an ice beast
  3592 | D:5      | HP: 7/61 [ice beast (3)]
  3592 | D:5      | Mangled by an ice beast

Skill      XL: |  1  2  3  4  5  6 |
---------------+-------------------+-----
Fighting       | 4 5 6 7 |  7.8
Axes           | 4 5 6 |  6.0
Armour         | |  2.4
Dodging        | |  2.1

Action                   |  1- 3 |  4- 6 || total
-------------------------+-------+-------++-------
Melee: Hand axe          |    68 |    29 ||    97
       Headbutt          |    15 |    25 ||    40
       War axe           |       |   100 ||   100
Invok: Berserk           |       |     1 ||     1
  Use: Scroll            |     7 |     4 ||    11
 Stab: Sleeping          |     1 |       ||     1
  Eat: Chunk             |     1 |     8 ||     9
Armor: Animal skin       |     3 |       ||     3
       Scale mail        |    16 |     8 ||    24
       Chain mail        |       |    66 ||    66
Dodge: Dodged            |    34 |    60 ||    94
